 Dungeon Crawl Stone Soup version 0.25.0-9-g26727b657a (webtiles) character file.

Game seed: 4120008862232991303

103 mopl the Poker (level 4, 0/33 HPs)
             Began as a Merfolk Skald on June 18, 2020.
             Slain by an orc priest
             ... wielding a +0 hand axe
              (5 damage)
             ... on level 3 of the Dungeon.
             The game lasted 00:02:30 (2443 turns).

mopl the Poker (Merfolk Skald)                      Turns: 2443, Time: 00:02:30

Health: 0/33       AC:  5    Str: 12    XL:     4   Next: 79%
Magic:  5/7        EV: 11    Int: 12    God:
Gold:   98         SH:  0    Dex: 13    Spells: 1/7 levels left

rFire    . . .     SeeInvis .   a - +0 spear
rCold    . . .     Gourm    .   (no shield)
rNeg     . . .     Faith    .   j - +0 ring mail
rPois    .         Spirit   .   (no helmet)
rElec    .         Reflect  .   (no cloak)
rCorr    .         Harm     .   (no gloves)
MR       .....                  (no boots)
Stlth    +.........             (no amulet)
HPRegen  0.11/turn              (no ring)
MPRegen  0.10/turn              (no ring)

@: infused
A: change form in water, swift swim, stealthy swim
a: no special abilities


You were on level 3 of the Dungeon.
You were not hungry.

You visited 1 branch of the dungeon, and saw 3 of its levels.

You collected 98 gold pieces.

Inventory:

Hand Weapons
 a - a +0 spear (weapon)
Missiles
 g - 2 silver javelins (quivered)
 n - 8 atropa-tipped darts
Armour
 j - a +0 ring mail (worn)
Scrolls
 b - a scroll of remove curse {unknown}
 f - a scroll of magic mapping {unknown}
 h - 2 scrolls of amnesia {unknown}
 k - 4 scrolls of random uselessness {unknown}
 l - a scroll of fear {unknown}
 m - a scroll of blinking {unknown}
Potions
 e - 2 potions of curing {unknown}
 i - a potion of magic {unknown}
Comestibles
 c - 3 chunks of flesh
 d - 5 rations


   Skills:
 - Level 2.1 Fighting
 * Level 7.0 Polearms
 - Level 0.6 Armour
 - Level 2.6 Dodging
 - Level 2.0 Spellcasting
 - Level 3.2 Charms


You had one spell level left.
You knew the following spells:

 Your Spells              Type           Power        Failure   Level  Hunger
a - Infusion              Chrm           #...         16%         1    ##.....
b - Song of Slaying       Chrm           #.......     24%         2    ###....
c - Spectral Weapon       Hex/Chrm       #.......     67%         3    ####...

Your spell library contained the following spells:

 Spells                   Type           Power        Failure   Level  Hunger
 Shroud of Golubria       Chrm/Tloc      #.....       43%         2    ###....
 Ozocubu's Armour         Chrm/Ice       #.......     67%         3    ####...


Dungeon Overview and Level Annotations

Branches:
Dungeon (3/15)

Altars:


Message History

Press: ? - help, Dir - move target cursor, f - frilled lizard
Aim: a frilled lizard You reach to attack!
You closely miss the frilled lizard. You barely miss the frilled lizard.
The frilled lizard closely misses you.
You hit the frilled lizard.
You kill the frilled lizard!
You see here a frilled lizard corpse.
You closely miss the orc priest.
The orc priest mumbles some strange prayers to Beogh against you.
Beogh smites you!
You closely miss the orc priest. You barely miss the orc priest.
The orc priest mumbles some strange prayers to Beogh against you.
Pain shoots through your body!
* * * LOW HITPOINT WARNING * * *
You are too injured to fight recklessly!
You are too injured to fight recklessly!
You barely miss the orc priest.
The orc priest hits you with a +0 hand axe.
You die...

##########
#################..รท......
#...............#.########
#.#############.#'#.)...#
#.# #.....#.#.#
#.###########.#.........#
#........@o...#........##
############..#......#..##
#........... ###.........##
.......)....#.#.#
########......(.#
......####.## ####### ##.#
..###..###


You could see an orc priest.

Vanquished Creatures
  3 gnolls (D:2)
  3 adders
  2 worms (D:2)
  A dart slug (D:1)
  An orc (D:2)
  2 giant cockroaches (D:2)
  4 hobgoblins (D:1)
  3 jackals (D:1)
  3 kobolds
  A ball python (D:1)
  4 bats
  5 frilled lizards
  6 goblins
  6 rats (D:1)
44 creatures vanquished.

Notes
Turn   | Place    | Note
-------+----------+-------------------------------------------
     0 | D:1      | mopl the Merfolk Skald began the quest for the Orb.
     0 | D:1      | Reached XP level 1. HP: 16/16 MP: 3/3
   391 | D:1      | Reached skill level 4 in Polearms
   391 | D:1      | Reached XP level 2. HP: 22/22 MP: 5/5
   400 | D:1      | Learned a level 2 spell: Song of Slaying
  1168 | D:2      | Reached skill level 5 in Polearms
  1168 | D:2      | Reached XP level 3. HP: 27/27 MP: 6/6
  1814 | D:2      | Reached skill level 6 in Polearms
  1912 | D:2      | Reached XP level 4. HP: 24/33 MP: 1/7
  1921 | D:2      | Learned a level 3 spell: Spectral Weapon
  2404 | D:3      | Reached skill level 7 in Polearms
  2443 | D:3      | Slain by an orc priest

Illustrated notes

Levels and vault maps discovered:
D:1:      evilmike_arrival_fibonacci_small, layout_basic
D:2:      layout_loops_ring
D:3:      layout_basic, grunt_temple_overflow_diamond,
          nicolae_overflow_hidden_temple, gammafunk_ghost_necromancy,
          first_ration, grunt_decor_mini_mirrors, minmay_misc_feat_five,
          uniq_ijyb

Skill      XL: |  1  2  3  4 |
---------------+-------------+-----
Polearms       | 4 5 6 7 |  7.0
Fighting       | |  2.1
Armour         | |  0.6
Dodging        | |  2.6
Spellcasting   | |  2.0
Charms         | |  3.2

Action                   |  1- 3 |  4- 6 || total
-------------------------+-------+-------++-------
Melee: Spear             |   138 |    53 ||   191
 Cast: Infusion          |     2 |     5 ||     7
 Stab: Sleeping          |     1 |       ||     1
  Eat: Chunk             |     3 |     2 ||     5
Armor: Leather armour    |     8 |       ||     8
       Ring mail         |    18 |    15 ||    33
Dodge: Dodged            |    46 |    16 ||    62
